 Dungeon Crawl Stone Soup version 0.30-a0-457-g4b7bca3bfa (webtiles) character file.

Game seed: 16271967717568999609

8 McMuffin the Insei (level 2, 0/21 HPs)
             Began as a Demonspawn Transmuter on Dec 13, 2022.
             Slain by a jackal (3 damage)
             ... on level 1 of the Dungeon.
             The game lasted 00:00:27 (139 turns).

McMuffin the Insei (Demonspawn Transmuter)           Turns: 139, Time: 00:00:27

Health: 0/21       AC:  2    Str: 10    XL:     2   Next: 0%
Magic:  5/5        EV: 12    Int: 14    God:
Gold:   7          SH:  0    Dex: 13    Spells: 4/5 levels left

rFire   . . .      SeeInvis .      - Unarmed
rCold   . . .      Faith    .    (no shield)
rNeg    . . .      Spirit   .    a - +0 robe
rPois   .          Reflect  .    (helmet restricted)
rElec   .          Harm     .    (no cloak)
rCorr   .          Rampage  .    (no gloves)
Will    .....                    (no boots)
Stlth   +.........               (no amulet)
HPRegen 0.23/turn                (no ring)
MPRegen 0.09/turn                (no ring)

@: no status effects
A: antennae 1
a: no special abilities


You were on level 1 of the Dungeon.
You visited 1 branch of the dungeon, and saw 1 of its levels.

You collected 7 gold pieces.

Inventory:

Armour
 a - a +0 robe (worn)
Potions
 b - a potion of lignification
 c - a potion of cancellation {unknown}


   Skills:
 + Level 1.2 Fighting
 + Level 1.9 Dodging
 + Level 2.8 Unarmed Combat
 + Level 2.1 Spellcasting
 + Level 1.9 Transmutations


You had 4 spell levels left.
You knew the following spells:

 Your Spells              Type           Power      Damage    Failure   Level
a - Beastly Appendage     Tmut           12%        N/A       11%         1

Your spell library contained the following spells:

 Spells                   Type           Power      Damage    Failure   Level
 Wereblood                Tmut           6%         N/A       16%         2
 Spider Form              Tmut/Pois      4%         N/A       43%         3
 Ice Form                 Ice/Tmut       4%         N/A       83%         4


Dungeon Overview and Level Annotations

Branches:
Dungeon (1/15)

Altars:


Innate Abilities, Weirdness & Mutations

You have a pair of small antennae on your head.


Message History

The jackal misses you. The rat completely misses you.
You barely miss the rat.
The jackal bites you but does no damage.
The jackal closely misses you. The jackal barely misses you.
A hobgoblin comes into view.
The rat closely misses you. The jackal bites you.
You barely miss the rat.
The jackal bites you but does no damage.
The jackal misses you. The rat barely misses you.
You barely miss the jackal.
The hobgoblin shouts!
You claw the jackal.
The jackal is lightly wounded.
The jackal bites you but does no damage.
The jackal bites you.
* * * LOW HITPOINT WARNING * * *
A kobold comes into view. It is wielding a +0 short sword.
The rat twitches its whiskers.
The rat closely misses you. The jackal closely misses you.
You closely miss the jackal. You claw the jackal. You headbutt the jackal.
You kill the jackal!
Your horns disappear.
Your talons disappear.
The jackal misses you.
A goblin comes into view. It is wielding a +0 club.
The jackal bites you but does no damage.
The rat bites you but does no damage.
You have reached level 2!
Your demonic ancestry asserts itself...
A pair of antennae grows on your head!
You barely miss the jackal.
The goblin shouts!
The jackal bites you.
* * * LOW HITPOINT WARNING * * *
The jackal closely misses you. The jackal barely misses you. The rat bites you.
* * * LOW HITPOINT WARNING * * *
You barely miss the jackal. The jackal barely misses you.
The jackal bites you but does no damage.
The rat misses you.
You miss the jackal. The jackal misses you. The jackal bites you.
You die...

# ##### ... #.....##
... .#....# ...
..... .....
#.#.##.#...
)######h#....g..#
......h@rKg.K#
#########.##.#...
#...............
.#####.###.#.##
#..........
#..###....# ...
#.........# ..####
###.........##.....#
#..................#


You could see 2 jackals, a hobgoblin, a goblin, 2 kobolds and a rat.

Vanquished Creatures
  A dart slug (D:1)
  2 jackals (D:1)
  A kobold (D:1)
  A quokka (D:1)
5 creatures vanquished.

Notes
Turn   | Place    | Note
-------+----------+-------------------------------------------
     0 | D:1      | McMuffin the Demonspawn Transmuter began the quest for the
                  | Orb.
     0 | D:1      | Reached XP level 1. HP: 15/15 MP: 3/3
   137 | D:1      | Gained mutation: You have a pair of small antennae on your
                  | head. [demonic ancestry]
   137 | D:1      | Reached XP level 2. HP: 6/21 MP: 5/5
   139 | D:1      | Slain by a jackal

Illustrated notes

Levels and vault maps discovered:
D:1:      roderic_crop_circles_arrival_small, layout_basic

Action                   || total
-------------------------++-------
Melee: Unarmed           ||    22
       Kick              ||     7
       Headbutt          ||     2
 Cast: Beastly Appendage ||     4
Armor: Robe              ||     8
Dodge: Dodged            ||    26

Table legend: (Time is in decaauts)
 A = Elapsed time spent in this place.
 B = Non-inter-level travel time spent in this place.
 C = Inter-level travel time spent in this place.
 D = Time resting spent in this place.
 E = Time spent auto-exploring this place.
 F = Levels seen in this place.
 G = Mean time per level.
                   A        B        C        D        E       F      G
               +--------+--------+--------+--------+--------+-----+--------+
         Total |    138 |    138 |      0 |      0 |     98 |   1 |  138.0 |
       Dungeon |    138 |    138 |      0 |      0 |     98 |   1 |  138.0 |
               +--------+--------+--------+--------+--------+-----+--------+

Top non-repeatable levels by time:
     D:1: 138 daAuts
